Workbook

Sheet 別紙1
A1: 別紙１
A3: 栃木県訪問介護等事業者経営改善支援事業費補助金 所要額調書
I5: 申請者名（事業者グループ名）：
J7: （単位：円）
A8: 事業区分 | C8: 対象経費の 支出予定額 （税抜） | D8: 寄付金その他 の収入額 （税抜） | E8: 差引額 | F8: 補助基準額 | G8: 選定額 | H8: 補助率 | I8: 所要額 | J8: 備 考
C9: (A) | D9: (B) | E9: (C)＝(A)－(B) | F9: （D） | G9: (E) | H9: (F) | I9: (G)＝(E)×(F)
A10: 1 | B10: 経営改善事業 | E10: =C10-D10 -> 0 | G10: =MIN(E10,F10) -> 0 | H10: 10/10 | I10: =ROUNDDOWN(G10*1,-3) -> 0
A11: 2 | B11: 登録ヘルパー等常勤化促進事業 | E11: =C11-D11 -> 0 | H11: 10/10 | I11: =ROUNDDOWN(G11*1,-3) -> 0
A12: 3 | B12: 小規模法人等協働化・大規模化事業 | E12: =C12-D12 -> 0 | H12: 10/10 | I12: =ROUNDDOWN(G12*1,-3) -> 0
A13: 4 | B13: 介護人材・利用者確保のための広報事業 | E13: =C13-D13 -> 0 | H13: 10/10 | I13: =ROUNDDOWN(G13*1,-3) -> 0
A14: 合 計 | I14: =SUM(I10:I13) -> 0
A16: ※１ （Ｅ）の欄には、（Ｃ）欄の金額と（Ｄ）欄の金額を比べて少ない方の金額を記入すること。
A17: ※２ （Ｇ）の欄には、（Ｅ）欄の金額に（Ｆ）欄の補助率を乗じた金額を記入すること。（1,000円未満を切り捨てること。）

Sheet 別紙2-(1)事業計画書_経営改善
A1: 別紙２－（1）
A3: 栃木県訪問介護等事業者経営改善支援事業計画書（経営改善事業）
A5: １ 基本情報
A6: （１）申請者（法人）
A7: 名 称 | C7: =別紙1!J5 -> 0
A8: 所在地
A9: 代表者役職・氏名
A10: 運営する介護事業所総数
A11: うち訪問介護事業所等の数
A12: うち栃木県内の事業所数
A14: （２）対象事業所
A15: 事業所番号
A16: 名 称
A17: 所在地
A18: サービス種類
A19: 職員数（人） | B19: ※１
A20: 常勤換算職員数（人） | B20: ※２
A21: 一月当たり延べ訪問回数（回） | B21: ※３
A22: 中山間地域等 | B22: ※４
A24: ２ 事業内容
A25: 実施予定の事業の概要
A26: 事業実施予定期間 | C26: 令和 年 月 日 ～ 令和 年 月 日
A27: 事務作業を行う職員を雇用する場合の雇用期間 | C27: 令和 年 月 日 ～ 令和 年 月 日
A28: 事業の目的 | B28: ※５
A29: 事業の内容 | B29: ※５
A30: 目標とする成果 | B30: ※５
A32: ※１ 申請時点の人数を記入すること。
A33: ※２ 申請前３か月間の平均値を記入すること。
A34: ※３ 事業実施年度又はその前年度のいずれかの月における最少回数を記載すること。
A35: ※４ 対象事業所が中山間地域等に所在する場合に、○を記入すること。
A36: ※５ 記入欄が不足する場合は「別紙のとおり」と記入し、別紙（任意様式）を添付すること。

Sheet 別紙2-(2)事業計画書_常勤化
A1: 別紙２－(2)
A3: 栃木県訪問介護等事業者経営改善支援事業計画書（登録ヘルパー等常勤化促進事業）
A5: １ 基本情報
A6: （１）申請者（法人）
A7: 名 称 | C7: =別紙1!J5 -> 0
A8: 所在地
A9: 代表者役職・氏名
A10: 運営する介護事業所総数
A11: うち訪問介護事業所等の数
A12: うち栃木県内の事業所数
A14: （２）対象事業所
A15: 事業所番号
A16: 名 称
A17: 所在地
A18: サービス種類
A19: 職員数（人） | B19: ※１
A20: 常勤換算職員数（人） | B20: ※２
A21: 一月当たり延べ訪問回数（回） | B21: ※３
A22: 中山間地域等 | B22: ※４
A24: ２ 事業内容
A25: 実施予定の事業の概要
A26: 事業実施予定期間 | C26: 令和 年 月 日 ～ 令和 年 月 日
A27: 常勤化予定人数 （内訳等詳細は別紙３－(2)に記載） | C27: 人
A28: 目標とする成果
A30: ※１ 申請時点の人数を記入すること。
A31: ※２ 申請前３か月間の平均値を記入すること。
A32: ※３ 事業実施年度又はその前年度のいずれかの月における最少回数を記載すること。
A33: ※４ 対象事業所が中山間地域等に所在する場合に、○を記入すること。

Sheet 別紙2-(3)事業計画書_協働化
A1: 別紙２－(3)
A3: 栃木県訪問介護等事業者経営改善支援事業計画書（小規模法人等協働化・大規模化事業）
A5: １ 基本情報
A6: （１）申請者（事業者グループ名） | B6: ※１
A7: 名 称 | C7: =別紙1!J5 -> 0
A9: （２）事業者グループの代表法人
A10: 名 称
A11: 所在地
A12: 代表者役職・氏名
A14: （３）対象法人の要件
A15: 栃木県内に所在する訪問介護事業所等を運営する事業者で構成 | D15: ※２
A16: 以下の①～④のいずれかに該当する法人を１以上含む | D16: ※３
A17: ①１法人当たり１の訪問介護事業所等を運営
A18: ②訪問介護事業所等の一月当たり延べ訪問回数がおおむね200回以下
A19: ③訪問介護事業所等の職員数が常勤換算方法で平均５人以下
A20: ④全ての訪問介護事業所等が中山間地域等に所在
A22: ２ 事業内容
A23: 実施予定の事業の概要
A24: 事業実施予定期間 | C24: 令和 年 月 日 ～ 令和 年 月 日
A25: 事業の目的 | B25: ※４
A26: 事業の内容 | B26: ※４
A27: 目標とする成果 | B27: ※４
A29: ※１ 事業者グループの構成については、別紙２－(3)－１、２に記入すること。
A30: ※２ 該当する場合に○を記入すること。
A31: ※３ 該当する項目の番号（①～④）を記入すること。
A32: ※４ 記入欄が不足する場合は「別紙のとおり」と記入し、別紙（任意様式）を添付すること。

Sheet 別紙2-(3)-1_協働化構成法人
A1: 別紙２－(3)－１
A2: 小規模法人等協働化・大規模化事業 事業者グループを構成する法人一覧
G4: 事業者グループ名： | H4: =別紙1!J5 -> 0
A6: № | B6: 法人名称 | C6: 主たる事業所の所在地 | D6: 代表者役職・氏名 | E6: 運営する介護事業所・施設の数 | H6: 運営する県内訪問介護事業所等の状況 | K6: 備 考
E7: 総数 | H7: 訪問回数 | I7: 平均職員数 | J7: 中山間地域等に
F8: うち訪問介護事業所等 | H8: （一月当たり延べ回数） | I8: （常勤換算方法） | J8: 所在する
G9: うち栃木県内 | H9: （回） | I9: （人） | J9: 事業所の数
A10: 1 | B10: ='別紙2-(3)事業計画書_協働化'!C10 -> 0 | C10: ='別紙2-(3)事業計画書_協働化'!C11 -> 0 | D10: ='別紙2-(3)事業計画書_協働化'!C12 -> 0 | K10: グループ代表
A11: 2
A12: 3
A13: 4
A14: 5
A15: 6
A16: 7
A17: 8
A18: 9
A19: 10
A21: ※１ №1の行は、事業者グループの代表となる法人について記載すること。
A22: ※２ 行が足りない場合は、適宜追加すること。

Sheet 別紙2-(3)-2_協働化事業所
A1: 別紙２－(3)－２
A2: 小規模法人等協働化・大規模化事業 事業者グループにおける栃木県内の訪問介護事業所等一覧
I4: 事業者グループ名： | J4: =別紙1!J5 -> 0
A6: № | B6: 構成法人 № | C6: 事業所番号 | D6: 事業所名称 | E6: 所在地 | F6: サービス種類 | G6: 電話番号 | H6: 管理者氏名 | I6: 職員数 （人） | J6: 常勤換算 職員数 （人） | K6: 一月当たり 延べ訪問回数 （回） | L6: 中山間地域等
B8: ※１ | I8: ※２ | J8: ※３ | K8: ※４ | L8: ※５
A9: 1
A10: 2
A11: 3
A12: 4
A13: 5
A14: 6
A15: 7
A16: 8
A17: 9
A18: 10
A19: 11
A20: 12
A22: ※１ 別紙２－(3)－１の構成法人の№を記載の上、各法人が運営する栃木県内に所在する訪問介護事業所等について記載すること。また、行が足りない場合は適宜追加すること。
A23: ※２ 申請時点の人数を記入すること。
A24: ※３ 申請前３か月間の平均値を記入すること。
A25: ※４ 事業実施年度又はその前年度のいずれかの月における最少回数を記載すること。
A26: ※５ 対象事業所が中山間地域等に所在する場合に、○を記入すること。

Sheet 別紙2-(4)事業計画書_広報
A1: 別紙２－(4)
A3: 栃木県訪問介護等事業者経営改善支援事業計画書（介護人材・利用者確保のための広報事業）
A5: １ 基本情報
A6: （１）申請者（法人）
A7: 名 称 | C7: =別紙1!J5 -> 0
A8: 所在地
A9: 代表者役職・氏名
A10: 運営する介護事業所総数
A11: うち訪問介護事業所等の数
A12: うち栃木県内の事業所数
A14: （２）対象事業所
A15: 事業所番号
A16: 名 称
A17: 所在地
A18: サービス種類
A19: 職員数（人） | B19: ※１
A20: 常勤換算職員数（人） | B20: ※２
A21: 一月当たり延べ訪問回数（回） | B21: ※３
A22: 中山間地域等 | B22: ※４
A24: ２ 事業内容
A25: 実施予定の事業の概要
A26: 事業実施予定期間 | C26: 令和 年 月 日 ～ 令和 年 月 日
A27: 事業の目的 | B27: ※５
A28: 事業の内容 | B28: ※５
A29: 目標とする成果 | B29: ※５
A31: ※１ 申請時点の人数を記入すること。
A32: ※２ 申請前３か月間の平均値を記入すること。
A33: ※３ 事業実施年度又はその前年度のいずれかの月における最少回数を記載すること。
A34: ※４ 対象事業所が中山間地域等に所在する場合に、○を記入すること。
A35: ※５ 記入欄が不足する場合は「別紙のとおり」と記入し、別紙（任意様式）を添付すること。

Sheet 別紙3-(1)予算書_経営改善
A1: 別紙３－(1)
A2: 栃木県訪問介護等事業者経営改善支援事業予算書（経営改善事業）
F3: 申請者名： | G3: =別紙1!J5 -> 0
A5: 費 目 | B5: 内 容 | C5: 単位 | D5: 数量 | E5: 単価 （税抜・円） | F5: 補助対象経費 （税抜・円） | G5: 補助金充当予定額 （円） | H5: 備 考
A13: 合 計 | F13: =SUM(F6:F12) -> 0 | G13: =SUM(G6:G12) -> 0
A15: 【添付書類】
A16: １ 外部コンサルタント等の支援を受ける場合、見積書の写し、企画書等支援の内容が確認できる資料
A17: ２ 臨時職員を雇用する場合、雇用予定時期等を記載した採用計画、就業規則、給与規程等積算の根拠となる資料

Sheet 別紙3-(2)予算書_常勤化
A1: 別紙３－(2)
A2: 栃木県訪問介護等事業者経営改善支援事業予算書（登録ヘルパー等常勤化促進事業）
K3: 申請者名： | L3: =別紙1!J5 -> 0
A5: No. | B5: 職員氏名 | C5: 常勤化予定年月日（採用予定年月日） | J5: 補助予定月数 （月） | K5: 補助対象経費 （常勤職員との給与差額） （税抜・円） | L5: 補助金充当予定額 （円） | M5: 備 考
C6: 令和 | E6: 年 | G6: 月 | I6: 日
C7: 令和 | E7: 年 | G7: 月 | I7: 日
C8: 令和 | E8: 年 | G8: 月 | I8: 日
A9: 合 計 | K9: =SUM(K6:K8) -> 0 | L9: =SUM(L6:L8) -> 0
A11: 【添付書類】
A12: １ 対象職員の雇用契約書・派遣契約書の写し等現状の雇用関係が確認できる資料、就業規則・給与規程等積算の根拠となる資料、雇用予定時期等を記載した採用計画等

Sheet 別紙3-(3)予算書_協働化
A1: 別紙３－(3)
A2: 栃木県訪問介護等事業者経営改善支援事業予算書（小規模法人等協働化・大規模化事業）
F3: 事業者グループ名： | G3: =別紙1!J5 -> 0
A5: 費 目 | B5: 内 容 | C5: 単位 | D5: 数量 | E5: 単価 （税抜・円） | F5: 補助対象経費 （税抜・円） | G5: 補助金充当予定額 （円） | H5: 備 考
A13: 合 計 | F13: =SUM(F6:F12) -> 0 | G13: =SUM(G6:G12) -> 0
A15: 【添付書類】
A16: 見積書等積算の根拠資料のほか、実施要領や仕様書等事業の内容が分かる資料
A17: （例）・人材育成に係る取組：研修の実施要領、日程表、受講予定者名簿等
A18: ・事務処理部門の集約・外部化：専任職員の雇用開始予定時期等を記載した採用計画、就業規則、給与規程等
A19: ・人材確保に係る取組：採用計画、実施要領等
A20: ・業務システムの共通化：システムの仕様書等
A21: ・ICTインフラの整備、共同購入：導入機器や購入品のカタログ等

Sheet 別紙3-(4)予算書_広報
A1: 別紙３－(4)
A2: 栃木県訪問介護等事業者経営改善支援事業予算書（介護人材・利用者確保のための広報事業）
F3: 申請者名： | G3: =別紙1!J5 -> 0
A5: 費 目 | B5: 内 容 | C5: 単位 | D5: 数量 | E5: 単価 （税抜・円） | F5: 補助対象経費 （税抜・円） | G5: 補助金充当予定額 （円） | H5: 備 考
A13: 合 計 | F13: =SUM(F6:F12) -> 0 | G13: =SUM(G6:G12) -> 0
A15: 【添付書類】
A16: 見積書等積算の根拠資料のほか、仕様書等事業の内容が分かる資料

Sheet (参考)歳入歳出予算書様式
C1: （参考様式）
A2: 令和８年度歳入・歳出予算（見込）書
A4: 歳入
A5: 科目 | B5: 金額 | C5: 摘要
A14: 合計 | B14: =SUM(B6:B13) -> 0
A17: 歳出
A18: 科目 | B18: 金額 | C18: 摘要
A27: 合計 | B27: =SUM(B19:B26) -> 0
A28: ※ 団体全体の収支ではなく、当事業に係る経費のみ記載すること。
A31: ※任意様式可

Sheet Sheet1
A1: サービス種類
A2: 訪問介護
A3: 定期巡回・随時対応型訪問介護看護
A4: 夜間対応型訪問介護
